 Dungeon Crawl Stone Soup version 0.29.1-15-g9cfb28693d (webtiles) character file.

Game seed: 7369691020133277689

108334 ThatPearl the Thaumaturge (level 16, -1/146 HPs)
             Began as a Purple Draconian Fire Elementalist on Mar 9, 2023.
             Was a High Priest of Sif Muna.
             Killed from afar by a swamp dragon (8 damage)
             ... with a blast of poison
             ... on level 1 of the Swamp on Mar 10, 2023.
             The game lasted 03:35:08 (40788 turns).

ThatPearl the Thaumaturge (DrFE)                   Turns: 40788, Time: 03:35:10

Health: -1/146     AC: 27    Str: 12    XL:     16   Next: 2%
Magic:  5/34       EV: 13    Int: 34    God:    Sif Muna [*****.]
Gold:   1147       SH:  9    Dex: 12    Spells: 3/43 levels left

rFire   + . .      SeeInvis +   n - +4 hand axe (venom)
rCold   . . .      Faith    .   t - +3 buckler
rNeg    + + .      Spirit   .   (body armour unavailable)
rPois   .          Reflect  .   R - +2 hat {Int+3}
rElec   .          Harm     .   W - +2 cloak {Will+}
rCorr   .          Rampage  .   s - +1 pair of gloves {infuse}
Will    +++..                   i - +2 pair of boots
Stlth   ++........              c - macabre finger necklace {rN+}
HPRegen 0.34/turn               Y - ring "Gyf Soda" {rF+ rN+ Int+3 SInv}
MPRegen 0.24/turn               K - +6 ring of intelligence
                                P - ring of the Tortoise {AC+8}

@: lethally poisoned (-1 -> -38)
A: breathe power, AC +9, unfitting armour, cold-blooded
a: Breathe Dispelling Energy, Renounce Religion, Channel Magic, Forget Spell,
Divine Exegesis


You were on level 1 of the Swamp.
You worshipped Sif Muna.
Sif Muna was extremely pleased with you.
You visited 6 branches of the dungeon, and saw 24 of its levels.
You also visited: Gauntlet.

You collected 4371 gold pieces.
You spent 3224 gold pieces at shops.

Inventory:

Hand Weapons
 m - the +3 trident of Agony {speed, *Rage rF+++ rCorr SInv}
   (You found it on level 5 of the Lair of Beasts)

   Attacks with this weapon are significantly faster.
   rF:        It renders you almost immune to fire.
   SInv:      It lets you see invisible.
   *Rage:     It berserks you when you make melee attacks (+20% chance).
   rCorr:     It protects you from acid and corrosion.
 n - a +4 hand axe of venom (weapon)
Missiles
 d - 4 atropa-tipped darts (quivered)
 z - 13 curare-tipped darts
 J - a throwing net
Armour
 i - a +2 pair of boots (worn)
 s - a +1 pair of gloves of infusion (worn)
 t - a +3 buckler (worn)
 R - a +2 hat of intelligence (worn)
 W - a +2 cloak of willpower (worn)
Magical Staves
 a - a staff of fire
 H - a staff of cold
 M - a staff of earth
 O - a staff of death
Jewellery
 c - the macabre finger necklace (around neck) {rN+}
   (You found it in a Gauntlet)

   [amulet of nothing]

   It enables you to equip an extra ring.
   rN:        It protects you from negative energy.
 F - a ring of flight
 I - a ring of ice
 K - a +6 ring of intelligence (right hand)
 P - the ring of the Tortoise (on amulet) {AC+8}
   (You bought it in a shop on level 2 of the Orcish Mines)

   [ring of protection]

   AC:        It affects your AC (+8).
 T - a ring of protection from fire
 Y - the ring "Gyf Soda" (left hand) {rF+ rN+ Int+3 SInv}
   (You bought it in a shop on level 9 of the Dungeon)

   [ring of see invisible]

   Int:       It affects your intelligence (+3).
   rF:        It protects you from fire.
   rN:        It protects you from negative energy.
   SInv:      It lets you see invisible.
Wands
 o - a wand of iceblast (1)
 y - a wand of polymorph (8)
 A - a wand of paralysis (24)
 L - a wand of flame (64)
 X - a wand of digging (4)
Scrolls
 e - 4 scrolls of enchant weapon
 f - 5 scrolls of teleportation
 g - a scroll of summoning
 h - 3 scrolls of torment
 j - 2 scrolls of immolation
 l - a scroll of identify
 p - 3 scrolls of enchant armour
 q - 3 scrolls of fear
 r - 3 scrolls of vulnerability
 v - 4 scrolls of poison
 D - 4 scrolls of fog
 G - 3 scrolls of brand weapon
 N - 2 scrolls of magic mapping
Potions
 b - 2 potions of cancellation
 k - a potion of invisibility
 u - a potion of brilliance
 w - 3 potions of haste
 x - 7 potions of curing
 B - a potion of resistance
 C - 3 potions of magic
 E - 10 potions of flight
 S - 2 potions of might
 U - 4 potions of ambrosia
 V - a potion of berserk rage
 Z - 2 potions of heal wounds
Miscellaneous
 Q - a condenser vane


   Skills:
 + Level 14.0 Fighting
 - Level 6.0 Dodging
 - Level 1.7 Stealth
 - Level 8.0 Shields
 + Level 14.2 Spellcasting
 + Level 12.3 Conjurations
 - Level 5.4 Hexes
 + Level 8.8 Summonings
 + Level 13.2 Fire Magic
 - Level 6.0 Invocations


You had 3 spell levels left.
You knew the following spells:

 Your Spells              Type           Power      Damage    Failure   Level
a - Apportation           Tloc           48%        N/A       2%          1
b - Blink                 Tloc           48%        N/A       3%          2
c - Summon Cactus Giant   Summ           35%        N/A       9%          6
e - Fireball              Conj/Fire      42%        3d17      1%          5
f - Foxfire               Conj/Fire      100%       2x1d9     0%          1
g - Summon Guardian Gole  Hex/Summ       64%        N/A       1%          3
i - Iskenderun's Mystic   Conj/Tloc      60%        2d13      1%          4
o - Ozocubu's Armour      Ice            24%        N/A       6%          3
r - Cause Fear            Hex            28%        N/A       2%          4
s - Scorch                Fire           100%       2d10      0%          2
v - Summon Mana Viper     Hex/Summ       64%        N/A       3%          5
w - Flame Wave            Conj/Fire      84%        2d18      1%          4

Your spell library contained the following spells:

 Spells                   Type           Power      Damage    Failure   Level
 Summon Small Mammal      Summ           100%       N/A       1%          1
 Call Canine Familiar     Summ           71%        N/A       1%          3
 Conjure Flame            Conj/Fire      84%        6-21      1%          3
 Dazzling Flash           Conj/Hex       100%       N/A       1%          3
 Inner Flame              Hex/Fire       73%        N/A       1%          3
 Stone Arrow              Conj/Erth      100%       3d13      1%          3
 Necrotise                Necr           96%        1d8       2%          1
 Sublimation of Blood     Necr           24%        N/A       3%          2
 Lesser Beckoning         Tloc           24%        N/A       6%          3
 Iskenderun's Battlesphe  Conj           83%        2d13      1%          5
 Starburst                Conj/Fire      42%        6d12      1%          6
 Summon Ice Beast         Ice/Summ       53%        N/A       3%          4
 Summon Lightning Spire   Summ/Air       53%        N/A       3%          4
 Irradiate                Conj/Tmut      30%        3d21      4%          5
 Lightning Bolt           Conj/Air       30%        1d47      4%          5
 Leda's Liquefaction      Hex/Erth       21%        N/A       7%          4
 Orb of Destruction       Conj           41%        9d11      11%         7
 Silence                  Hex/Air        21%        N/A       19%         5
 Airstrike                Air            12%        2d(2-18)  22%         4
 Petrify                  Tmut/Erth      24%        N/A       22%         4
 Spellforged Servitor     Conj/Summ      38%        N/A       22%         7
 Conjure Ball Lightning   Conj/Air       30%        3x3d10    26%         6
 Iron Shot                Conj/Erth      30%        9d6       26%         6
 Monstrous Menagerie      Summ           35%        N/A       43%         7
 Agony                    Necr           24%        N/A       52%         5
 Blade Hands              Tmut           12%        N/A       52%         5
 Lee's Rapid Deconstruct  Erth           12%        3d9*      52%         5
 Manifold Assault         Tloc           24%        N/A       52%         5
 Dispersal                Tloc           12%        N/A       97%         6
 Statue Form              Tmut/Erth      16%        N/A       97%         6
 Dragon Form              Tmut           12%        N/A       100%        7
 Ozocubu's Refrigeration  Ice            12%        4d10      100%        7
 Discord                  Hex            28%        N/A       100%        8
 Disjunction              Tloc           12%        N/A       100%        8
 Dragon's Call            Summ           35%        N/A       100%        9


Dungeon Overview and Level Annotations

Branches:
Dungeon (14/15)            Temple (1/1) D:5            Lair (5/5) D:11
  Swamp (1/4) Lair:3       Spider (0/4) Lair:3        Slime (0/5) Lair:4
    Orc (2/2) D:10            Elf (1/3) Orc:2        Vaults (0/5) D:13
Gauntlet (visited)

Altars:
Ashenzari
Cheibriados
Dithmenos
Elyvilon
Fedhas
Gozag
Hepliaklqana
Kikubaaqudgha
Makhleb
Nemelex Xobeh
Okawaru
Qazlal
Ru
Sif Muna
Trog
Uskayaw
Vehumet
Wu Jian
Xom
Yredelemnul
Zin
The Shining One
Jiyva

Shops:
D:9 :=*   D:10 (   Orc:2 ==::   Elf:1 *

Annotations:
D:7 3 runed translucent doors, Seidenschwarz's ghost, novice MiFi
D:13 1 transporter
D:14 Jorgrun
Lair:1 2 transporters, Ymaizaaff's ghost, journeyman MiBe


Innate Abilities, Weirdness & Mutations

You can breathe bolts of dispelling energy.
Your rich purple scales are hard. (AC +9)
You cannot fit into any form of body armour.
You are cold-blooded and may be slowed by cold attacks.


Message History

The swamp dragon's fire resistance burns away.
You are engulfed in poison gas.
You are more poisoned.
You feel extremely sick.
The seven-headed hydra is engulfed in blazing flames.
Casting: Scorch (safe; 0% risk of failure)
Confirm with . or Enter, or press ? or * to list all spells.
Casting: Flame Wave (safe; 1% risk of failure)
Press: ? - help, Dir - look around, f - activate A wave of flame ripples out!
The mangrove smoulders and burns.
The flame wave engulfs the swamp dragon!!
The swamp dragon is burned terribly!
You kill the swamp dragon!
Sif Muna accepts your kill. (Press . to intensify the flame waves.)
* * * LOW HITPOINT WARNING * * *
You feel extremely sick.
The seven-headed hydra bites you but does no damage.
The seven-headed hydra bites you!
* * * LOW HITPOINT WARNING * * *
The seven-headed hydra bites you but does no damage. x2
The seven-headed hydra bites you!
* * * LOW HITPOINT WARNING * * *
The seven-headed hydra bites you!
* * * LOW HITPOINT WARNING * * *
The seven-headed hydra closely misses you.
Your Fighting skill increases to level 14!
A wave of flame ripples out!
The flame wave engulfs the seven-headed hydra!!
You kill the seven-headed hydra!
Sif Muna accepts your kill.
The mangrove smoulders and burns.
The flame wave engulfs the swamp dragon!!
The swamp dragon is moderately wounded.
* * * LOW HITPOINT WARNING * * *
You feel extremely sick.
The swamp dragon breathes poison at you.
The blast of poison engulfs you!
You are more poisoned.
You die...

♣.♣♣.♣~...♣..~♣♣♣♣♣♣..~~~~~~~§~~.
♣.≈♣....~~~..♣♣♣♣♣♣.~~~~..~~.~~~~
♣..♣....~~~..♣♣♣~...~~~~~.:~.~~~~
♣♣.♣♣....~~..~~.~§.~~~~~~..♣~...~
~♣.≈♣.........~.~~~~~§~~~~~~...~.
.♣..♣.~.~~~~~~~~).~~~~~~~~~......
.♣♣.♣....~~~~~§§...~~~~..~..~.>..
.. ♣♣♣♣♣....~.....~~..≈[..~~...~
.♣. ♣♣♣.....@.....≈♣..~~♣.≈~" ...
♣♣♣♣♣..~..§§§°§.~~.######≈≈≈.
♣....~§...§§§.D§.§## #♣~≈.
..♣.♣....♣♣♣♣♣♣.§≈♣## ##♣~ ~
.≈♣.♣~.~~.♣♣~...§~~# #~~
♣♣.♣♣.~.~~~~♣♣....~≈○#~~≈ #≈≈
♣..♣..~~...§♣♣♣♣...≈≈.≈~# ≈.~~
♣.≈♣.♣...♣♣♣♣ ♣.[~.~#.~~ ...#~.
♣.♣♣.~.~♣.♣♣ ♣§~....##~≈~.≈♣≈#..


You could see a swamp dragon (catching breath).

Vanquished Creatures
  A tentacled monstrosity (Swamp:1)
  A deep elf elementalist (Elf:1)
  Josephine (D:10)
  6 hydras
  A catoblepas (Lair:4)
  2 boulder beetles
  A ghost crab (Lair:3)
  A centaur warrior (D:12)
  A death knight (D:13)
  2 two-headed ogres
  5 alligators
  5 orc high priests
  5 death yaks (D:13)
  4 deep elf knights (Elf:1)
  3 spriggans (Swamp:1)
  A goliath frog (Swamp:1)
  A swamp dragon (Swamp:1)
  A wizard (D:13)
  A harpy (Lair:5)
  2 deep elf archers (Elf:1)
  5 bog bodies
  Pikel (D:4)
  6 orc knights
  3 deep elf zephyrmancers (Elf:1)
  A necromancer (D:13)
  4 deep elf pyromancers
  2 ugly things
  5 orc sorcerers (Orc:2)
  3 spectral spriggans (Swamp:1)
  A manticore (D:12)
  2 will-o-the-wisps
  A cyclops (D:13)
  2 black mambas
  12 elephants
  Maurice (D:9)
  A gargoyle (D:11)
  6 cane toads
  An unseen horror (D:13)
  A kobold demonologist (D:11)
  4 rime drakes
  3 komodo dragons
  5 trolls
  2 hornets (Swamp:1)
  A polar bear (Lair:4)
  3 tyrant leeches
  4 nameless horrors
  14 blink frogs
  6 dream sheep
  2 shadows
  5 wraiths (D:10)
  8 wyverns
  24 yaks
  14 humans
  A vampire (D:11)
  3 basilisks
  11 vampire mosquitoes
  2 steam dragons
  Edmund (D:5)
  A small abomination (Gauntlet)
  4 wargs
  4 swamp worms (Swamp:1)
  2 acid dragons
  11 water moccasins
  22 orc warriors
  2 black bears
  2 ogres
  6 centaurs
  8 wolves
  2 phantoms
  6 necrophages
  10 bullfrogs
  2 gnoll sergeants
  3 scorpions
  15 wights
  8 killer bees
  3 howler monkeys
  A gnoll bouda (D:5)
  4 hounds
  20 orc priests
  Jessica (D:2)
  5 iguanas
  25 orc wizards
  11 gnolls
  7 adders
  A white imp (D:5)
  2 ufetubi
  2 worms
  5 dart slugs
  74 orcs
  5 bats
  6 endoplasms
  A giant cockroach (D:2)
  3 goblins
  10 hobgoblins
  4 jackals (D:5)
  15 kobolds
  4 quokkas
  7 ball pythons
  6 frilled lizards
  7 rats
  A butterfly (Lair:3)
554 creatures vanquished.

Vanquished Creatures (collateral kills)
  An eleionoma (Swamp:1)
  2 vault guards (D:13)
  2 hydras
  A merfolk avatar (Lair:5)
  An anaconda (Lair:4)
  2 dancing weapons (Elf:1)
  An alligator (Swamp:1)
  6 death yaks (D:13)
  4 swamp dragons (Swamp:1)
  A wizard (D:13)
  A bog body (Swamp:1)
  2 deep elf archers (Elf:1)
  2 deep elf pyromancers (Elf:1)
  2 deep elf zephyrmancers (Elf:1)
  An orc sorcerer (Orc:2)
  A necromancer (D:13)
  An ugly thing (D:13)
  A spectral spriggan (Swamp:1)
  2 manticores
  3 elephants
  A cane toad (Lair:5)
  A gargoyle (D:12)
  A rime drake (Lair:5)
  2 komodo dragons (Lair:5)
  3 trolls
  3 hornets
  A wraith (D:13)
  A wyvern (Lair:5)
  An air elemental (Elf:1)
  4 humans (D:13)
  A basilisk (D:13)
  2 fire elementals (Elf:1)
  13 yaks
  A water moccasin (Lair:5)
  2 orc warriors
  An ogre (Orc:2)
  A kobold brigand (D:7)
  A necrophage (Lair:2)
  2 nameless horrors
  2 small abominations (Gauntlet)
  3 orc priests
  An orc wizard (D:12)
  7 orcs
92 creatures vanquished.

Vanquished Creatures (others)
  A minotaur (Gauntlet)
  A vault guard (D:13)
  A hydra (Lair:4)
  A boulder beetle (Orc:1)
  A death yak (D:13)
  Urug (Orc:1)
  A sea snake (Lair:5)
  A deep elf archer (Elf:1)
  An orc knight (Orc:2)
  A deep elf zephyrmancer (Elf:1)
  A spectral spriggan (Swamp:1)
  An elephant (Lair:3)
  2 cane toads
  2 bloated husks (Swamp:1)
  A polar bear (Lair:5)
  A wind drake (Lair:5)
  2 dream sheep (Lair:3)
  A snapping turtle (Lair:5)
  8 yaks
  A vampire mosquito (Lair:3)
  An orc warrior (Orc:2)
  An ogre (Orc:1)
  5 orcs
  A demonic plant (Gauntlet)
  516 foxfires
  20 fungi
  52 plants
626 creatures vanquished.

Grand Total: 1272 creatures vanquished

Notes
Turn   | Place    | Note
-------+----------+-------------------------------------------
     0 | D:1      | ThatPearl the Draconian Fire Elementalist began the quest
                  | for the Orb.
     0 | D:1      | Reached XP level 1. HP: 14/14 MP: 3/3
   228 | D:1      | Reached XP level 2. HP: 22/22 MP: 5/5
   233 | D:1      | Learned a level 2 spell: Scorch
   783 | D:1      | You fall into a shaft and drop 1 floor!
   875 | D:1      | Reached skill level 1 in Fighting
  1363 | D:1      | Reached XP level 3. HP: 24/28 MP: 1/6
  1517 | D:2      | Found a faded altar of an unknown god.
  1824 | D:2      | Noticed Jessica
  1833 | D:2      | Killed Jessica
  1834 | D:2      | Reached XP level 4. HP: 33/36 MP: 2/7
  2337 | D:2      | Learned a level 1 spell: Summon Small Mammal
  3760 | D:4      | Reached XP level 5. HP: 41/41 MP: 9/9
  3859 | D:4      | Noticed Pikel
  3859 | D:4      | Noticed a lemure
  3859 | D:4      | Noticed a lemure
  4049 | D:4      | Reached skill level 1 in Shields
  4144 | D:5      | Entered Level 5 of the Dungeon
  4191 | D:5      | Noticed a phantom
  4198 | D:5      | Killed a phantom
  4297 | D:5      | Reached XP level 6. HP: 42/51 MP: 2/10
  4502 | D:5      | Noticed Edmund
  4779 | D:5      | Found a staircase to the Ecumenical Temple.
  5192 | D:5      | Your scales start taking on a rich purple colour.
  5192 | D:5      | Reached XP level 7. HP: 52/57 MP: 13/13
  5358 | D:5      | Killed Edmund
  5438 | D:5      | Reached skill level 5 in Spellcasting
  5837 | D:5      | Reached skill level 5 in Fire Magic
  5996 | D:6      | Reached XP level 8. HP: 67/67 MP: 11/15
  6384 | D:5      | Reached skill level 5 in Fighting
  6645 | D:6      | Learned a level 3 spell: Ozocubu's Armour
  6650 | D:6      | Learned a level 4 spell: Flame Wave
  6654 | D:6      | Learned a level 3 spell: Call Canine Familiar
  6658 | D:6      | Learned a level 3 spell: Summon Guardian Golem
  7114 | D:7      | Reached skill level 5 in Conjurations
  7303 | D:7      | Reached skill level 1 in Summonings
  7445 | D:7      | Reached XP level 9. HP: 44/74 MP: 13/18
  7826 | D:7      | Paralysed by a wight for 4 turns
  8112 | D:7      | Reached skill level 5 in Shields
  8321 | D:7      | Noticed Seidenschwarz's ghost (novice MiFi)
  8352 | D:7      | Found a runed translucent gate.
  8352 | D:7      | Found a runed translucent gate.
  8352 | D:7      | Found a runed translucent gate.
  8419 | D:7      | Noticed a troll
  8462 | D:7      | Killed a troll
  8992 | D:8      | Found a glowing silver altar of Zin.
  9074 | Temple   | Entered the Ecumenical Temple
  9083 | Temple   | Became a worshipper of Sif Muna the Loreminder
  9312 | D:8      | Found a stormy altar of Qazlal.
 10357 | D:9      | Noticed a two-headed ogre
 10575 | D:8      | Reached XP level 10. HP: 83/86 MP: 0/21
 10698 | D:8      | Learned a level 3 spell: Conjure Flame
 10745 | D:9      | Noticed Maurice
 11083 | D:9      | Reached * piety under Sif Muna
 11787 | D:9      | Found Vocol's Assorted Antiques.
 11799 | D:9      | Bought a scroll of identify for 52 gold pieces
 11799 | D:9      | Bought an emerald potion for 23 gold pieces
 11916 | D:9      | Found Ocecojib's Book Emporium.
 11979 | D:9      | Found Bownutuo's Jewellery Boutique.
 12121 | D:9      | Killed Maurice
 12122 | D:9      | Reached skill level 1 in Invocations
 12182 | D:9      | Killed a two-headed ogre
 12368 | D:9      | Found a sparkling altar of Nemelex Xobeh.
 12368 | D:9      | Found a burning altar of Makhleb.
 12477 | D:4      | Killed Pikel
 12564 | D:4      | Learned a level 1 spell: Apportation
 12923 | D:10     | Entered Level 10 of the Dungeon
 13056 | D:10     | Reached XP level 11. HP: 81/94 MP: 5/23
 13239 | D:10     | Reached ** piety under Sif Muna
 13805 | D:10     | Noticed Josephine
 13813 | D:10     | Killed Josephine
 14003 | D:10     | Found Ficuzu's Weapon Boutique.
 14004 | D:10     | Found a staircase to the Orcish Mines.
 14144 | D:10     | Learned a level 4 spell: Cause Fear
 14695 | D:11     | Noticed a two-headed ogre
 14717 | D:11     | Killed a two-headed ogre
 14718 | D:11     | Reached skill level 5 in Dodging
 14840 | D:11     | Learned a level 2 spell: Blink
 15231 | D:11     | Found a staircase to the Lair.
 15244 | D:11     | Reached *** piety under Sif Muna
 16079 | Orc:1    | Entered Level 1 of the Orcish Mines
 16111 | Orc:1    | Noticed an orc knight
 16126 | Orc:1    | Killed an orc knight
 16138 | D:10     | Reached skill level 5 in Invocations
 16324 | Orc:1    | Noticed an orc high priest
 16325 | Orc:1    | Noticed Urug
 16331 | Orc:1    | Noticed a soul eater
 16490 | Lair:1   | Entered Level 1 of the Lair of Beasts
 16655 | Lair:1   | Reached XP level 12. HP: 99/105 MP: 10/25
 16936 | Lair:1   | Reached skill level 10 in Spellcasting
 17472 | Lair:1   | Found a transporter.
 17580 | D:9      | Bought the ring "Gyf Soda" {rF+ rN+ Int+3 SInv} for 553
                  | gold pieces
 17732 | Lair:1   | Noticed Ymaizaaff's ghost (journeyman MiBe)
 17771 | Lair:1   | Found a transporter.
 18258 | Lair:2   | Noticed an eight-headed hydra
 18728 | Lair:2   | Reached skill level 10 in Fighting
 18916 | Lair:2   | Killed an eight-headed hydra
 19582 | Lair:3   | Reached **** piety under Sif Muna
 19590 | Lair:3   | Noticed a five-headed hydra
 19787 | Lair:3   | Reached skill level 10 in Fire Magic
 20052 | Lair:3   | Found a staircase to the Swamp.
 20071 | Lair:3   | Found the +3 robe of Clouds {*Thunder rCloud rElec}
 20283 | Lair:3   | Found a hole to the Spider Nest.
 20593 | Lair:3   | Reached skill level 5 in Summonings
 20918 | Lair:3   | Killed a five-headed hydra
 21135 | Lair:3   | Reached XP level 13. HP: 50/114 MP: 1/27
 22089 | Lair:4   | Learned a level 5 spell: Fireball
 22089 | Lair:4   | Identified a scroll of acquirement
 22089 | Lair:4   | Acquired 999 gold pieces
 22296 | D:9      | Bought an amulet of reflection for 420 gold pieces
 23223 | Lair:4   | Found a viscous altar of Jiyva.
 23223 | Lair:4   | Found a staircase to the Slime Pits.
 23460 | Lair:5   | Entered Level 5 of the Lair of Beasts
 23853 | Orc:1    | Killed Urug
 24577 | Orc:2    | Entered Level 2 of the Orcish Mines
 24974 | Orc:2    | Found a staircase to the Elven Halls.
 25001 | Orc:2    | Reached ***** piety under Sif Muna
 25163 | Orc:2    | Received a gift from Sif Muna
 25170 | Orc:2    | Got Sif Muna's Meditations on Beguiling and Hurting {god
                  | gift}
 25610 | Orc:2    | Reached skill level 1 in Hexes
 27270 | Orc:2    | Found Lycemaph's Book Emporium.
 27277 | Orc:2    | Found Xannurhe's Jewellery Shop.
 27278 | Orc:2    | Found Luwnamae's Jewellery Emporium.
 27279 | Orc:2    | Found Zuhaqohie's Book Shop.
 27850 | Lair:3   | Learned a level 5 spell: Summon Mana Viper
 28789 | D:12     | Reached skill level 10 in Conjurations
 28789 | D:12     | Reached XP level 14. HP: 124/124 MP: 19/29
 29165 | D:13     | Found a gate leading to a gauntlet.
 29174 | Gauntlet | Entered a Gauntlet
 29174 | Gauntlet | Found a transporter.
 29174 | Gauntlet | Found a transporter.
 29295 | Gauntlet | Found a transporter.
 29295 | Gauntlet | Found a transporter.
 29299 | Gauntlet | Found a transporter.
 29299 | Gauntlet | Found a transporter.
 29346 | Gauntlet | Learned a level 6 spell: Summon Cactus Giant
 29370 | Gauntlet | Found a transporter.
 29371 | Gauntlet | Found a transporter.
 29371 | Gauntlet | Found the amulet of the Four Winds {rN+ Will+++ Clar}
 29376 | Gauntlet | Noticed a reaper
 29384 | Gauntlet | Found a transporter.
 29400 | Gauntlet | Found a transporter.
 29417 | Gauntlet | Found a transporter.
 29418 | Gauntlet | Found a transporter.
 29420 | Gauntlet | Found a runed translucent gate.
 29420 | Gauntlet | Found a runed translucent gate.
 29420 | Gauntlet | Found a runed translucent gate.
 29421 | Gauntlet | Found the macabre finger necklace {rN+}
 29793 | Gauntlet | Acquired 1294 gold pieces
 30356 | Orc:2    | Bought the ring of the Tortoise {AC+8} for 2176 gold pieces
 30356 | Orc:2    | Found the ring of the Tortoise {AC+8}
 30422 | Elf:1    | Entered Level 1 of the Elven Halls
 30622 | Elf:1    | Found a radiant altar of Vehumet.
 31410 | Elf:1    | Found an ancient bone altar of Kikubaaqudgha.
 31533 | Elf:1    | Reached skill level 5 in Hexes
 31784 | Elf:1    | Noticed a deep elf elementalist
 31792 | Elf:1    | Killed a deep elf elementalist
 31876 | Elf:1    | Found Fynn's General Store.
 32064 | Elf:1    | Identified the +2 falchion of Defence by Offence {venom,
                  | rElec rF++ rN+ Dex-5}
 33761 | Lair:5   | Received a gift from Sif Muna
 34429 | Lair:5   | Reached XP level 15. HP: 134/134 MP: 14/32
 34812 | Lair:5   | Identified the +3 trident of Agony {speed, *Rage rF+++
                  | rCorr SInv}
 35029 | Lair:5   | Learned a level 4 spell: Iskenderun's Mystic Blast
 35113 | Swamp:1  | Entered Level 1 of the Swamp
 36246 | Swamp:1  | Noticed a tentacled monstrosity
 36254 | Swamp:1  | Killed a tentacled monstrosity
 38249 | D:13     | Found a transporter.
 38416 | D:13     | Found a transporter.
 38424 | D:13     | Found a transporter.
 38450 | D:13     | Found a transporter.
 38539 | D:13     | Received a gift from Sif Muna
 39393 | D:13     | Found a gate to the Vaults.
 40251 | D:14     | Noticed Jorgrun
 40762 | Swamp:1  | Reached XP level 16. HP: 145/145 MP: 18/34
 40788 | Swamp:1  | HP: 7/146 [poisoned by a swamp dragon (poison gas)]
 40788 | Swamp:1  | Killed from afar by a swamp dragon

Illustrated notes

Levels and vault maps discovered:
D:1:      lightli_arrival_boilingwater, layout_basic
D:2:      minmay_inner_zag, layout_rooms, ebering_ecumenical_altar_box,
          uniq_jessica
D:3:      layout_basic
D:4:      layout_loops_ring, lemuel_flame_loot_1, uniq_pikel
D:5:      layout_basic, minmay_temple_entry_grid, uniq_edmund
D:6:      layout_cave_pools
D:7:      layout_basic, gammafunk_ghost_icy, chequers_serial_rivers_large_b,
          minmay_chambers_of_fives
D:8:      layout_loops_corners, mainiacjoe_overflow_divided_tiny
D:9:      layout_long_grid, gammafunk_temple_overflow_pools, serial_shops,
          nicolae_diamond_shop, shop, shop_fountains, uniq_maurice
D:10:     layout_roguey, orc_david_3, uniq_josephine
D:11:     layout_irregular_city, minmay_lair_entry_grove
D:12:     layout_roguey
D:13:     slaughterhouse, layout_cave_pools, grunt_vaults_entry_tiered,
          gauntlet_entry_generic, grunt_ministairs_2,
          nicolae_transporter_intersection
D:14:     layout_cave_pools, grunt_decor_arrowhead, serial_shops, shop,
          nicolae_shop_advertising_works [nicolae_subvault_shop_adworks],
          hangedman_incinerator, uniq_louise, uniq_agnes, uniq_jorgrun
Temple:   nicolae_temple_no_exploring_needed
Lair:1:   layout_loops_ring, nzn_ghost_randoct, grunt_megastairs_4
Lair:2:   layout_cave_shapes, roderic_carrion_pond, infiniplex_staircase_pool_2
Lair:3:   layout_gridlike, minmay_swamp_entry_swarm,
          spider_nest_entry_web_field, lemuel_fruit_fields
Lair:4:   layout_regular_city, dpeg_slime_entry_enclosed
Lair:5:   gammafunk_lair_ancient_temple, layout_cave_pods, grunt_megastairs_3
Swamp:1:  nicolae_swamp_flooded_prison, layout_basic_swamp,
          hangedman_swamp_lotus, swamp_pool2, st_swamp_ruins_2
Orc:1:    layout_diamond_mine, enter_volcano_1, rock_pile, uniq_urug
Orc:2:    st_orc_elflike, layout_diamond_mine
Elf:1:    eino_elf_arrival_altar, layout_geoelf_diagonals, basic_altar,
          serial_shops, shop_statue, hangedman_elf_represent,
          serial_sigils_hangedman_stare,
          nicolae_elf_double_double_double_trouble

Skill      XL: |  1  2  3  4  5  6  7  8  9 10 11 12 13 14 15 16 |
---------------+-------------------------------------------------+-----
Fighting       | 1 2 3 4 5 7 8 9 10 11 12 13 14 | 14.0
Conjurations   | 2 3 4 5 6 7 8 10 11 12 | 12.3
Shields        | 1 2 3 4 5 6 8 |  8.0
Spellcasting   | 3 4 5 6 7 8 9 10 11 13 14 | 14.2
Fire Magic     | 4 5 6 7 8 9 10 11 12 13 | 13.2
Summonings     | 1 3 5 6 8 |  8.8
Dodging        | 2 4 5 6 |  6.0
Invocations    | 2 5 6 |  6.0
Hexes          | 3 5 |  5.4
Stealth        | |  1.7

Action                   |  1- 3 |  4- 6 |  7- 9 | 10-12 | 13-15 | 16-18 || total
-------------------------+-------+-------+-------+-------+-------+-------++-------
Melee: Dagger            |    41 |    22 |       |       |       |       ||    63
       Tailslap          |     7 |    11 |     7 |     5 |    21 |       ||    51
       Whip              |       |    53 |    26 |       |       |       ||    79
       Hand axe          |       |       |    24 |    18 |    77 |       ||   119
       Short sword       |       |       |       |    14 |       |       ||    14
       Staff             |       |       |       |     1 |     9 |       ||    10
Throw: Dart              |       |       |     1 |       |     2 |       ||     3
       Boomerang         |       |       |       |       |     1 |       ||     1
 Cast: Foxfire           |    17 |    36 |    93 |   121 |    35 |       ||   302
       Scorch            |    16 |    24 |    74 |   289 |   599 |     2 ||  1004
       Summon Small Mamm |       |       |     4 |    13 |     4 |       ||    21
       Flame Wave        |       |       |     3 |    26 |    21 |     1 ||    51
       Apportation       |       |       |       |     2 |     1 |       ||     3
       Call Canine Famil |       |       |       |    17 |    29 |       ||    46
       Summon Guardian G |       |       |       |     6 |    64 |     2 ||    72
       Conjure Flame     |       |       |       |     2 |       |       ||     2
       Summon Mana Viper |       |       |       |       |    83 |     1 ||    84
       Fireball          |       |       |       |       |    15 |       ||    15
       Cause Fear        |       |       |       |       |     5 |       ||     5
       Blink             |       |       |       |       |     7 |       ||     7
       Summon Cactus Gia |       |       |       |       |    10 |       ||    10
       Ozocubu's Armour  |       |       |       |       |     2 |       ||     2
Invok: Channel Magic     |       |       |       |     2 |     2 |       ||     4
       Forget Spell      |       |       |       |       |     1 |       ||     1
 Abil: Breathe Dispellin |       |       |       |       |     1 |       ||     1
Evoke: Wand              |       |       |       |     2 |     2 |       ||     4
  Use: Scroll            |       |     1 |     9 |     9 |    18 |       ||    37
       Potion            |       |     1 |       |       |     5 |       ||     6
 Stab: Sleeping          |     3 |     5 |     2 |       |       |       ||    10
Armor: Skin              |    20 |    40 |    49 |   179 |   300 |    24 ||   612
Dodge: Dodged            |    39 |    61 |    93 |   272 |   278 |    10 ||   753
Block: Buckler           |       |    10 |    29 |   116 |   247 |     9 ||   411
       Other             |       |       |       |       |     8 |       ||     8
       Reflection        |       |       |       |       |    11 |       ||    11
